Map: Orbital Shipyard

Players

ignite

  • Race: Terran Terran
  • League: Master

Nuckzer - Winner!

  • Race: Zerg Zerg
  • League: Diamond

VOD

Have the link to the VOD?

Description

Time

  • Played on: March 19, 2016, 11:46 a.m.
  • Length: 10:06
Show
View Real Time Build Order
Export as new Build Order

ignite Terran 

Build Orders: Reaper Expand, MMM Bio 

Get SALT Encoding   

  12  0:00  SCV  
  13  0:13  SCV  
  14  0:17  Supply Depot  
  14  0:25  SCV  
  15  0:39  SCV  
  15  0:40  Barracks  
  16  0:44  Refinery  
  16  0:51  SCV  
  17  1:03  SCV  
  18  1:15  SCV  
  19  1:28  Orbital Command  
  19  1:29  Reaper  
  20  1:42  Command Center  
  20  1:53  SCV  
  21  1:54  Supply Depot  
  21  2:01  Reaper  
  22  2:06  SCV  
  23  2:18  SCV  
  24  2:30  SCV  
  24  2:31  Command Center  
  25  2:42  SCV  
  25  2:43  Factory  
  26  2:50  Barracks Reactor  
  27  3:03  SCV, Orbital Command  
  27  3:18  SCV  
  28  3:31  SCV x2  
  30  3:35  Barracks Tech Lab  
  30  3:39  Hellion x2  
  34  3:43  Refinery  
  34  3:45  SCV x2, Orbital Command  
  36  3:54  Marine  
  36  3:55  Stimpack  
  37  3:57  SCV x2  
  37  4:00  Hellion x2  
  43  4:10  SCV x2  
  43  4:12  SCV  
  43  4:14  Marine  
  47  4:22  SCV x2  
  49  4:24  SCV  
  49  4:26  Hellion, Engineering Bay x2  
  49  4:27  Hellion  
  51  4:34  Marine  
  51  4:36  SCV  
  51  4:37  SCV  
  50  4:43  SCV  
  46  4:48  SCV, Hellion x2  
  43  4:55  SCV  
  43  4:59  SCV, Terran Infantry Weapons Level 1, Terran Infantry Armor Level 1  
  43  5:01  SCV  
  44  5:10  SCV  
  44  5:11  SCV  
  44  5:12  Marine  
  47  5:20  SCV  
  48  5:22  SCV  
  48  5:23  Barracks  
  48  5:24  Factory Reactor, Barracks  
  48  5:27  SCV  
  50  5:32  SCV  
  50  5:34  SCV  
  52  5:39  SCV  
  52  5:53  SCV, Marine  
  52  5:59  SCV  
  52  6:00  SCV  
  54  6:06  SCV  
  54  6:10  Combat Shields  
  56  6:12  Marine x2  
  56  6:15  Marauder  
  56  6:16  Factory Tech Lab, SCV  
  56  6:18  SCV  
  61  6:19  Bunker  
  61  6:23  SCV, Orbital Command  
  61  6:24  Marine x2  
  64  6:26  Armory  
  64  6:28  Starport  
  64  6:31  SCV  
  66  6:33  Refinery, Barracks  
  66  6:34  Refinery  
  66  6:36  Barracks  
  66  6:38  Marine x2, Marauder  
  66  6:39  SCV  
  70  6:43  SCV, Marine x2  
  70  6:44  Siege Tank  
  76  6:52  SCV  
  77  6:57  Supply Depot  
  77  6:59  Supply Depot x2  
  77  7:06  Starport Reactor  
  77  7:18  SCV x2, Marine x3, Siege Tank  
  77  7:20  SCV, Marine  
  77  7:21  Marauder  
  89  7:30  Barracks Tech Lab, Barracks Reactor  
  90  7:37  SCV x3  
  90  7:41  Marine x2, Barracks  
  90  7:42  Marine x2, Barracks  
  90  7:43  Terran Infantry Weapons Level 2  
  96  7:44  Barracks  
  96  7:48  Supply Depot x2  
  96  7:49  Supply Depot  
  96  8:02  SCV x3, Refinery  
  96  8:03  Refinery, Marine x2  
  101  8:09  Medivac, Marine x6  
  101  8:10  Supply Depot  
  101  8:11  Supply Depot  
  109  8:13  Supply Depot, Medivac  
  109  8:17  SCV  
  109  8:18  SCV x2  
  114  8:23  Marine x2  
  116  8:30  SCV  
  116  8:31  SCV x2  
  116  8:32  Marine x2  
  116  8:33  Marine x2  
  123  8:34  Barracks Tech Lab  
  123  8:35  Barracks Tech Lab, Barracks Reactor  
  123  8:36  Siege Tank  
  126  8:49  SCV x3  
  129  8:57  Command Center, Concussive Shells  
  129  9:01  SCV, Marine  
  129  9:02  Marine x7  
  130  9:10  Factory  
  130  9:14  Marine x3  
  130  9:15  Marauder  
  135  9:19  Marine  
  135  9:21  Marauder  
  134  9:25  Marine x2, Marauder  
  134  9:26  Siege Tank  
  134  9:29  Medivac x2  
  134  9:30  Marine x2  
  136  9:33  Marauder  
  136  9:36  Marauder  
Show
View Real Time Build Order
Export as new Build Order

Nuckzer Zerg - Winner!

Build Orders: Hatch First 

Get SALT Encoding   

  12  0:01  Drone  
  13  0:08  Drone  
  14  0:17  Overlord  
  14  0:32  Extractor, Drone  
  15  0:36  Drone x2  
  17  0:54  Hatchery  
  16  0:59  Drone  
  17  1:06  Drone, Extractor  
  17  1:17  Spawning Pool  
  16  1:21  Drone  
  17  1:32  Drone x2  
  19  1:39  Overlord  
  19  1:50  Drone  
  20  2:04  Queen  
  20  2:07  Metabolic Boost  
  20  2:08  Queen  
  22  2:10  Zergling x2  
  22  2:11  Zergling x2  
  22  2:15  Drone  
  27  2:18  Drone  
  27  2:39  Drone x3  
  30  2:46  Queen x2  
  30  2:48  Overlord  
  34  2:58  Zergling x4  
  36  3:18  Zergling x10  
  40  3:38  Drone x2  
  40  3:39  Drone x2  
  40  3:41  Overlord x2  
  44  4:09  Hatchery, Drone x8  
  51  4:10  Drone  
  51  4:15  Baneling Nest  
  51  4:37  Drone x2  
  51  4:38  Drone x7  
  58  4:44  Lair  
  60  4:48  Extractor  
  60  4:52  Roach Warren  
  55  4:55  Extractor  
  55  4:58  Extractor  
  49  5:08  Drone x2  
  49  5:09  Drone  
  49  5:11  Zergling x4  
  54  5:22  Queen  
  56  5:31  Roach  
  57  5:38  Roach x5  
  66  5:56  Overlord x4  
  64  6:08  Drone  
  64  6:09  Drone  
  66  6:12  Evolution Chamber  
  66  6:14  Evolution Chamber  
  66  6:17  Drone x13  
  66  6:18  Drone  
  78  6:31  Ravager x3  
  78  6:32  Ravager x2  
  83  6:43  Drone x2  
  83  6:45  Drone x2, Extractor  
  83  6:46  Drone  
  83  6:47  Drone x3, Extractor  
  88  6:48  Drone x2  
  88  6:49  Roach x3  
  88  6:50  Overlord  
  88  6:51  Overlord  
  97  6:56  Zerg Missile Weapons Level 1, Zerg Ground Armor Level 1  
  97  7:03  Infestation Pit  
  96  7:13  Overlord x2  
  96  7:14  Overlord  
  96  7:15  Roach  
  98  7:16  Roach x8  
  98  7:22  Overlord x2  
  114  7:44  Pathogen Glands  
  114  7:48  Roach x4  
  114  7:49  Zergling x2, Roach x4  
  114  7:50  Zergling x12  
  137  7:57  Glial Reconstitution, Hatchery x2  
  135  8:00  Centrifical Hooks  
  135  8:04  Overlord x3  
  135  8:22  Infestor  
  135  8:23  Infestor x4  
  145  8:28  Roach x4  
  145  8:29  Zergling x6  
  156  8:45  Baneling x4  
  156  8:46  Baneling x3  
  156  8:47  Baneling x3  
  156  8:48  Baneling x2  
  156  8:49  Zergling x2  
  156  8:50  Zergling x22  
  167  9:14  Zergling x2  
  167  9:15  Zergling x16  
  175  9:18  Ravager x3  
  171  9:33  Zergling x12, Roach x2  
  171  9:34  Roach x4  
Tags
 
Add a new tag
Caveats
  • Supply blocks, unpowered buildings, or Contaminate may cause inaccurate times.
  • Supply counts are checked every 10 seconds.